 Dungeon Crawl Stone Soup version 0.24.1-14-gf8d2b509d9 (webtiles) character file.

Game seed: 8725974425343043566, levelgen mode: deterministic

61415 Gwenloh the Impaler (level 15, -7/109 HPs)
             Began as a Merfolk Gladiator on May 21, 2020.
             Was an Elder of Hepliaklqana.
             Killed from afar by an ogre mage (36 damage)
             ... with a crystal spear
             ... on level 2 of the Orcish Mines on June 21, 2020.
             The game lasted 02:00:33 (22161 turns).

Gwenloh the Impaler (Merfolk Gladiator)            Turns: 22161, Time: 02:00:34

Health: -7/109     AC: 14    Str: 30    XL:     15   Next: 2%
Magic:  22/22      EV: 25    Int:  5    God:    Hepliaklqana [****..]
Gold:   1542       SH:  0    Dex: 16    Spells: 14/14 levels left

rFire    + + .     SeeInvis .   S - +6 halberd of Terror {flame, MR+ Str+4 Dex-4}
rCold    + . .     Gourm    .   (shield currently unavailable)
rNeg     + + +     Faith    +   M - +4 scale mail {rF+}
rPois    +         Spirit   .   c - +1 helmet
rElec    .         Reflect  .   F - scarf {rC+ rF+}
rCorr    .         Harm     .   (no gloves)
MR       +....                  z - +1 pair of boots
Stlth    ..........             Z - amulet of faith
HPRegen  0.28/turn              u - +4 ring of evasion
MPRegen  0.18/turn              Q - ring "Hurukor" {rPois rN+++ MR- Str+10 Int-3}

@: no status effects
A: change form in water, swift swim, stealthy swim, reduced essence
a: Recall Ancestor, Ancestor Identity, Transference, Idealise, Renounce Religion


You were on level 2 of the Orcish Mines.
You worshipped Hepliaklqana.
Hepliaklqana was greatly pleased with you.
You were near starving.

You visited 4 branches of the dungeon, and saw 18 of its levels.
You also visited: Sewer and Ice Cave.

You collected 2727 gold pieces.
You spent 1185 gold pieces at shops.

Inventory:

Hand Weapons
 e - a +2 vampiric spear
 S - the +6 halberd of Terror (weapon) {flame, MR+ Str+4 Dex-4}
   (You found it on level 3 of the Lair of Beasts)

   It has been specially enchanted to burn those struck by it, causing extra
   injury to most foes and up to half again as much damage against particularly
   susceptible opponents.
   Big, fiery blades are also staple armaments of hydra-hunters.
   It affects your strength (+4).
   It affects your dexterity (-4).
   It affects your resistance to hostile enchantments.
Missiles
 d - 3 throwing nets
 j - 4 boomerangs
 t - 9 javelins
 v - 6 poisoned darts (quivered)
Armour
 c - a +1 helmet (worn)
 h - the +0 buckler of the Arcane {rF+ Stlth+}
   (You acquired it on level 3 of the Lair of Beasts)

   It protects you from fire.
   It makes you more stealthy.
 z - a +1 pair of boots (worn)
 F - a scarf of resistance (worn)
 J - a +1 troll leather armour
 M - a +4 scale mail of fire resistance (worn)
 W - +0 ice dragon scales
Jewellery
 u - a +4 ring of evasion (left hand)
 D - an uncursed ring of protection from fire
 L - an uncursed amulet of the acrobat
 Q - the ring "Hurukor" (right hand) {rPois rN+++ MR- Str+10 Int-3}
   (You found it in an ice cave)

   [ring of poison resistance]

   It affects your strength (+10).
   It affects your intelligence (-3).
   It protects you from poison.
   It renders you almost immune to negative energy.
   It affects your resistance to hostile enchantments.
 U - a +3 amulet of reflection
 Z - an amulet of faith (around neck)
Wands
 l - a wand of polymorph (18)
 w - a wand of acid (13)
 x - a wand of paralysis (6)
 y - a wand of flame (12)
 E - a wand of scattershot (3)
 R - a wand of iceblast (15)
 X - a wand of digging (9)
Scrolls
 b - a scroll of summoning
 i - 12 scrolls of teleportation
 k - 4 scrolls of amnesia
 m - a scroll of fog
 n - 6 scrolls of blinking
 p - 8 scrolls of remove curse
 q - 2 scrolls of identify
 G - 2 scrolls of fear
 H - 2 scrolls of holy word
 I - 4 scrolls of magic mapping
Potions
 g - 4 potions of flight
 o - 2 potions of degeneration
 r - 4 potions of brilliance
 A - 2 potions of lignification
 B - 5 potions of curing
 C - a potion of ambrosia
 N - a potion of haste
 O - a potion of heal wounds
 P - 5 potions of agility
 T - a potion of invisibility
 V - a potion of resistance
 Y - a potion of mutation
Miscellaneous
 s - a phial of floods
 K - a sack of spiders
Comestibles
 f - 30 rations


   Skills:
 + Level 12.9 Fighting
 - Level 20.0 Polearms
 + Level 6.9 Throwing
 + Level 15.2 Dodging
 + Level 10.5 Invocations
 - Level 6.5 Evocations


You had 14 spell levels left.
You didn't know any spells.
Your spell library contained the following spells:

 Spells                   Type           Power        Failure   Level  Hunger
 Corona                   Hex            #......      75%         1    ##.....
 Ensorcelled Hibernation  Hex/Ice        #.....       86%         2    ###....
 Confuse                  Hex            #.......     98%         3    ####...
 Dazzling Spray           Conj/Hex       #.....       98%         3    ####...
 Tukima's Dance           Hex            #.......     98%         3    ####...
 Cause Fear               Hex            #.........   100%        4    #####..
 Silence                  Hex/Air        #.........   100%        5    ######.
 Yara's Violent Unravell  Hex/Tmut       #.........   100%        5    ######.
 Deflect Missiles         Chrm/Air       #.........   100%        6    #######
 Discord                  Hex            #.........   100%        8    #######
 Shatter                  Erth           #.........   100%        9    #######


Dungeon Overview and Level Annotations

Branches:
Dungeon (9/15)             Temple (1/1) D:4            Lair (6/6) D:9
 Shoals (0/4) Lair:3       Spider (0/4) Lair:3        Slime (0/5) Lair:5
    Orc (2/2) D:9             Elf (0/3) Orc:2         Sewer (visited)
  IceCv (visited)

Altars:
Ashenzari
Cheibriados
Dithmenos
Elyvilon
Fedhas
Gozag
Hepliaklqana
Kikubaaqudgha
Makhleb
Nemelex Xobeh
Okawaru
Qazlal
Ru
Sif Muna
Trog
Uskayaw
Vehumet
Wu Jian
Xom
Yredelemnul
Zin
The Shining One

Shops:
D:6 [   D:8 !   Orc:2 }*%([[([*

Annotations:
Lair:3 2 runed translucent doors, Deesahac's ghost, journeyman BaFi


Message History

The two-headed ogre closely misses you. The ogre misses you.
You puncture the two-headed ogre! You burn the two-headed ogre.
You kill the two-headed ogre!
You puncture the ogre! You burn the ogre.
The ogre is severely wounded.
The ogre hits you but does no damage.
The orc priest mumbles some strange prayers to Beogh against you.
Beogh smites you!
You slash the ogre! You burn the ogre.
You kill the ogre!
You are near starving!
You slice the ogre!! You burn the ogre.
The ogre is almost dead.
The ogre barely misses you. The ogre mage casts a spell at you.
The crystal spear hits you!!!
* * * LOW HITPOINT WARNING * * *
The ogre mage points at you and mumbles some strange words.
The crystal spear hits you!!!
You die...

.........................#
.........................#
......#.O.............#.##
(....................#.##
.(.........o............#
..((...............#...##
...(..........O.#.....#.#####
....(..........)O....#....#.##
...........O...)@.).....∩....#
#..............)).......#....#
............................##
...########..########.....#.##
..####............####.......#
..##................##......##
..#..................#.......##
...........∩∩.................#
...........∩∩...........#.#..##


You could see an ogre mage, 2 ogres and an orc priest.

Vanquished Creatures
  A stone giant (Orc:1)
  2 ice dragons (IceCv)
  3 hydras
  14 two-headed ogres
  Urug (Lair:3)
  A sea snake (Lair:6)
  A harpy (Lair:6)
  A manticore (Lair:6)
  An orc knight (Orc:2)
  19 elephants
  2 ice statues (IceCv)
  3 black mambas
  8 spiny frogs
  7 rime drakes
  9 komodo dragons
  2 merfolk (Lair:3)
  2 hornets (Lair:6)
  4 polar bears
  3 trolls
  6 hippogriffs
  8 blink frogs
  3 dream sheep (Lair:4)
  A redback (Lair:3)
  36 yaks
  4 wyverns (Lair:6)
  A hungry ghost (D:9)
  A basilisk (Lair:1)
  3 wargs
  10 water moccasins
  5 porcupines
  8 orc warriors
  16 ice beasts
  2 phantoms (D:3)
  A sky beast (D:5)
  A black bear (D:8)
  2 centaurs
  29 ogres
  3 wolves (Lair:3)
  19 crocodiles
  6 bullfrogs
  A scorpion (D:4)
  4 killer bees (D:9)
  2 wights (D:9)
  2 electric eels (Lair:4)
  3 crimson imps
  2 centaur zombies
  A jelly (D:9)
  2 hounds
  9 orc priests
  9 orc wizards
  A bullfrog skeleton (D:8)
  2 gnoll shamans (D:5)
  A centaur skeleton (D:8)
  2 iguanas
  3 merfolk sirens
  4 worker ants
  2 merfolk avatars
  A hound zombie (D:6)
  31 gnolls
  19 adders
  3 river rats (Sewer)
  2 shadow imps
  6 oozes
  2 adder zombies
  2 worms (D:2)
  3 dart slugs
  5 leopard geckos
  42 orcs
  10 giant cockroaches
  15 goblins
  6 hobgoblins
  27 jackals
  8 kobolds
  2 quokkas
  4 ball pythons
  5 bats
  9 frilled lizards
  34 rats
  2 plants
537 creatures vanquished.

Vanquished Creatures (collateral kills)
  2 two-headed ogres (Orc:1)
  A merfolk siren (Lair:3)
  2 elephants (Lair:6)
  A spiny frog (Lair:1)
  A rime drake (IceCv)
  2 komodo dragons (Lair:1)
  A troll (Orc:2)
  A polar bear (Lair:4)
  A wind drake (Lair:6)
  2 dream sheep (Lair:4)
  2 blink frogs
  Eustachio (D:6)
  A wyvern (D:8)
  2 yaks
  A porcupine (Lair:3)
  5 water moccasins
  3 orc warriors
  6 ice beasts
  A sky beast (D:5)
  An ogre (D:9)
  A wolf (Lair:3)
  A crocodile (Lair:2)
  2 bullfrogs (D:9)
  A scorpion (D:9)
  A killer bee (D:9)
  A wight (D:9)
  A hound (D:6)
  An orc wizard (D:6)
  A worker ant (D:7)
  18 gnolls
  5 adders
  An ooze (Lair:5)
  An adder zombie (D:9)
  10 orcs
  5 jackals
  A quokka skeleton (D:8)
  A fungus (D:9)
89 creatures vanquished.

Vanquished Creatures (others)
  32 hexers
  4 ancestors
  A bush (Lair:1)
  16 fungi
  34 plants
87 creatures vanquished.

Grand Total: 713 creatures vanquished

Notes
Turn   | Place    | Note
-------+----------+-------------------------------------------
     0 | D:1      | Gwenloh the Merfolk Gladiator began the quest for the Orb.
     0 | D:1      | Reached XP level 1. HP: 16/16 MP: 1/1
   138 | D:1      | Reached XP level 2. HP: 23/23 MP: 2/2
   204 | D:1      | Reached skill level 5 in Polearms
   699 | D:1      | Reached XP level 3. HP: 26/28 MP: 3/3
  1375 | D:2      | Reached XP level 4. HP: 35/35 MP: 4/4
  1406 | D:2      | Reached skill level 6 in Polearms
  2169 | D:3      | Reached XP level 5. HP: 41/41 MP: 5/5
  2200 | D:3      | Reached skill level 5 in Dodging
  2212 | D:3      | Found a glowing drain.
  2223 | Sewer    | Entered a sewer
  2337 | Sewer    | Reached skill level 1 in Evocations
  2697 | Sewer    | Reached skill level 7 in Polearms
  2733 | Sewer    | Reached XP level 6. HP: 47/47 MP: 6/6
  3693 | D:4      | Noticed a phantom
  4211 | D:4      | Reached skill level 8 in Polearms
  4211 | D:4      | Reached XP level 7. HP: 54/54 MP: 8/8
  4534 | D:3      | Reached skill level 9 in Polearms
  4670 | D:4      | Found a staircase to the Ecumenical Temple.
  4701 | Temple   | Entered the Ecumenical Temple
  4828 | Temple   | Became a worshipper of Hepliaklqana the Forgotten
  5099 | D:5      | Entered Level 5 of the Dungeon
  5162 | D:5      | Reached XP level 8. HP: 49/54 MP: 10/10
  5282 | D:5      | Reached skill level 5 in Fighting
  5500 | D:5      | Reached skill level 10 in Polearms
  6122 | D:5      | Reached XP level 9. HP: 51/62 MP: 12/12
  6135 | D:5      | Reached skill level 11 in Polearms
  6192 | D:6      | Reached * piety under Hepliaklqana
  6440 | D:5      | Found a shimmering blue altar of Sif Muna.
  6506 | D:5      | Found a stormy altar of Qazlal.
  6508 | D:5      | Found a shimmering blue altar of Sif Muna.
  6510 | D:5      | Found a shimmering altar of Xom.
  6608 | D:6      | Noticed Eustachio
  6627 | D:6      | Killed Eustachio
  6765 | D:6      | Found Zirori's Armour Emporium.
  6783 | D:5      | Found a hide-covered altar of Uskayaw.
  6783 | D:5      | Found a glowing golden altar of the Shining One.
  7473 | D:7      | Reached skill level 5 in Evocations
  7674 | D:7      | Reached skill level 12 in Polearms
  8121 | D:7      | Reached ** piety under Hepliaklqana
  8122 | D:7      | Remembered your ancestor Cuahtemoc as a hexer
  8211 | D:8      | Found Tot Pis's Distillery.
  8229 | D:8      | Bought a potion of heal wounds for 65 gold pieces
  8581 | D:8      | Reached XP level 10. HP: 66/71 MP: 14/14
  8651 | D:8      | Noticed a two-headed ogre
  8657 | D:8      | Reached skill level 13 in Polearms
  8672 | D:8      | Killed a two-headed ogre
  9131 | D:9      | Found a staircase to the Orcish Mines.
  9218 | D:9      | Found a bloodstained altar of Trog.
  9438 | D:9      | Found a staircase to the Lair.
  9498 | D:9      | Found a sparkling altar of Nemelex Xobeh.
  9568 | D:9      | Reached skill level 14 in Polearms
  9636 | D:9      | Reached skill level 10 in Dodging
 10160 | Lair:1   | Entered Level 1 of the Lair of Beasts
 10177 | Lair:1   | Reached *** piety under Hepliaklqana
 10178 | Lair:1   | Noticed a spiny frog
 10190 | Lair:1   | Killed a spiny frog
 10190 | Lair:1   | Reached skill level 1 in Invocations
 10387 | Lair:1   | Reached XP level 11. HP: 78/78 MP: 15/15
 10678 | Lair:1   | Reached skill level 15 in Polearms
 11434 | Lair:2   | Found a frozen archway.
 11683 | IceCv    | Entered an ice cave
 11869 | IceCv    | Reached skill level 16 in Polearms
 12694 | IceCv    | Noticed an ice dragon
 12694 | IceCv    | Noticed an ice dragon
 12718 | IceCv    | Killed an ice dragon
 12718 | IceCv    | Reached skill level 5 in Invocations
 12718 | IceCv    | Reached XP level 12. HP: 87/87 MP: 16/16
 12729 | IceCv    | Killed an ice dragon
 12790 | IceCv    | Got a steaming marble ring
 13005 | IceCv    | Identified the ring "Hurukor" {rPois rN+++ MR- Str+10
                  | Int-3} (You found it in an ice cave)
 13191 | Lair:2   | Noticed a seven-headed hydra
 13192 | Lair:2   | Reached **** piety under Hepliaklqana
 13219 | Lair:2   | Killed a seven-headed hydra
 13219 | Lair:2   | Reached skill level 10 in Fighting
 13219 | Lair:2   | Reached skill level 17 in Polearms
 13352 | Lair:2   | Noticed a five-headed hydra
 13901 | Lair:2   | Killed a five-headed hydra
 14114 | Lair:3   | Identified 2 scrolls of acquirement
 14135 | Lair:3   | Got a pitted buckler
 14140 | Lair:3   | Identified the +0 buckler of the Arcane {rF+ Stlth+} (You
                  | acquired it on level 3 of the Lair of Beasts)
 14264 | Lair:3   | Got a bloodstained halberd
 14265 | Lair:3   | Identified the +6 halberd of Terror {flame, MR+ Str+4
                  | Dex-4} (You found it on level 3 of the Lair of Beasts)
 14283 | Lair:3   | Found a staircase to the Shoals.
 14466 | Lair:3   | Reached skill level 18 in Polearms
 14532 | Lair:3   | Found a large runed translucent door.
 14538 | Lair:3   | Found a large runed translucent door.
 14591 | Lair:3   | Noticed Urug
 14608 | Lair:3   | Killed Urug
 14619 | Lair:3   | Reached XP level 13. HP: 71/93 MP: 18/18
 14737 | Lair:3   | Found a hole to the Spider Nest.
 14994 | Lair:3   | Noticed Deesahac's ghost (journeyman BaFi)
 15719 | Lair:4   | Reached ***** piety under Hepliaklqana
 16435 | Lair:5   | Reached skill level 19 in Polearms
 16789 | Lair:5   | Found a staircase to the Slime Pits.
 17373 | Lair:6   | Entered Level 6 of the Lair of Beasts
 17581 | Lair:6   | Identified Igab's Lost Papyrus of the Prophet
 17640 | Lair:6   | Reached XP level 14. HP: 90/102 MP: 13/20
 17901 | Lair:6   | Reached skill level 5 in Throwing
 19145 | Orc:1    | Entered Level 1 of the Orcish Mines
 19148 | Orc:1    | Noticed a stone giant
 19432 | Orc:1    | Killed a stone giant
 19936 | Orc:2    | Entered Level 2 of the Orcish Mines
 20170 | Orc:2    | Found Piutwon's Gadget Emporium.
 20335 | Orc:2    | Found Reniamem's Assorted Antiques.
 20438 | Orc:2    | Found Joxur's Antique Weapon Shop.
 20442 | Orc:2    | Found Jaghaimoul's Armour Boutique.
 20473 | Orc:2    | Found Rosch's Assorted Antiques.
 20481 | Orc:2    | Bought a phial of floods for 1120 gold pieces
 20492 | Orc:2    | Found a staircase to the Elven Halls.
 20798 | Orc:1    | Found an iron altar of Okawaru.
 21285 | Orc:2    | Reached skill level 10 in Invocations
 21418 | Orc:1    | Reached skill level 20 in Polearms
 21491 | Orc:1    | Reached skill level 15 in Dodging
 22056 | Orc:2    | Found Nutinargh's Armour Shoppe.
 22056 | Orc:2    | Found Lomaamyr's Food Shop.
 22056 | Orc:2    | Found Toto's Antique Armour Boutique.
 22056 | Orc:2    | Found Jate Hip's Antique Weapon Shoppe.
 22153 | Orc:2    | Reached XP level 15. HP: 98/109 MP: 22/22
 22161 | Orc:2    | Killed from afar by an ogre mage

Levels and vault maps discovered:
D:1:      onia_arrival_larder, layout_basic, serial_co_window_serial,
          co_window_paths_a, co_window_of_opportunity_a, co_window_paths_b,
          co_window_paths_a, co_window_corner_a, co_window_broadway_b,
          co_window_of_opportunity_b, co_window_2corner,
          co_window_of_opportunity_b, co_window_2corner,
          co_window_unsneaky_path_d, glass_columns_a, glass_columns_a,
          glass_columns_b, glass_columns_a, minmay_misc_feat_rows,
          hangedman_decor_growths, serial_park_tiny_2
D:2:      layout_loops_ring, minmay_tetromino_i4
D:3:      layout_loops_ring, portal_sewer_entry_b
D:4:      layout_rooms, minmay_temple_entry_glass
D:5:      lemuel_castle_with_subvaults [lemuel_castle_interior_carwin_1],
          layout_basic, nicolae_overflow_hidden_temple, basic_altar,
          first_ration
D:6:      layout_loops_ring, serial_shops, shop_fountains, minmay_ogre_servants,
          uniq_eustachio
D:7:      layout_loops_ring, serial_aquarium, aquarium_bridge_square
          [aquarium_subvault_window, aquarium_subvault_window,
          aquarium_subvault_bridge, aquarium_subvault_window],
          aquarium_window_fake, aquarium_window_fake, aquarium_window_1,
          aquarium_window_fake, aquarium_view_2g, aquarium_view_2d,
          aquarium_pool_double
D:8:      layout_basic, serial_shops, nicolae_shop_crystal
D:9:      layout_basic, nemelex_xobeh_ov_fountains_minmay, lemuel_crystal_altar,
          grunt_lair_entry_orc_guard_hut, hiddenorc1_lemuel
Temple:   regret_index_temple_waves
Lair:1:   minmay_lair_venomous_thicket, layout_loops_ring, beast_lair_carwin_2,
          serial_bayou_shore_b, grunt_megastairs_1
Lair:2:   layout_regular_city, portal_ice_cave_entry_ice_beasts
Lair:3:   layout_cave_pods, elwin_shoals_entry_stream, spider_nest_entry_webs,
          ebering_ghost_disaster_area, uniq_urug
Lair:4:   layout_regular_city, grunt_megastairs_3, serial_bayou_shore_b,
          serial_bayou_shore_b, serial_bayou_shore_a
Lair:5:   layout_cave_pods, nicolae_slime_entry_slimehenge, minivault_11
Lair:6:   gammafunk_lair_ancient_temple, layout_layer_cave
Orc:1:    layout_caves, okawaru_metal_pillars_3
Orc:2:    st_orc_ogre_mass, layout_caves, serial_shops, shop, shop, shop,
          nicolae_shop_crystal, shop

Skill      XL: |  1  2  3  4  5  6  7  8  9 10 11 12 13 14 |
---------------+-------------------------------------------+-----
Polearms       | 5 6 7 8 9 10 12 14 16 18 19 20 | 20.0
Fighting       | 3 4 5 7 8 9 10 11 12 | 12.9
Dodging        | 5 6 7 9 10 11 12 14 15 | 15.2
Evocations     | 1 2 3 4 5 6 |  6.5
Invocations    | 2 5 7 8 10 | 10.5
Throwing       | 4 6 |  6.9

Action                   |  1- 3 |  4- 6 |  7- 9 | 10-12 | 13-15 || total
-------------------------+-------+-------+-------+-------+-------++-------
Melee: Trident           |   100 |    36 |       |       |       ||   136
       Spear             |       |   222 |   659 |  1038 |       ||  1919
       Tailslap          |       |     6 |     5 |     8 |     7 ||    26
       Halberd           |       |       |       |    58 |   514 ||   572
       Bardiche          |       |       |       |    13 |       ||    13
       Glaive            |       |       |       |     5 |       ||     5
Throw: Stone             |    15 |       |       |       |       ||    15
       Throwing net      |     1 |       |       |       |       ||     1
       Boomerang         |     7 |    92 |    87 |    80 |       ||   266
       Dart              |       |       |       |     8 |   147 ||   155
       Javelin           |       |       |       |     3 |     7 ||    10
Invok: Ancestor Identity |       |       |     1 |       |       ||     1
       Recall Ancestor   |       |       |     1 |     1 |     3 ||     5
       Ancestor Life: He |       |       |     1 |       |       ||     1
       Transference      |       |       |       |       |     8 ||     8
       Idealise          |       |       |       |       |     5 ||     5
 Abil: Evoke Berserk Rag |       |       |       |     3 |       ||     3
Evoke: Wand              |       |       |       |    28 |       ||    28
       Sack of spiders   |       |       |       |     1 |       ||     1
  Use: Scroll            |       |     4 |     6 |    12 |     6 ||    28
       Potion            |       |     5 |       |     4 |     2 ||    11
 Stab: Sleeping          |     1 |     3 |       |     1 |       ||     5
       Held in net/web   |     1 |       |       |       |       ||     1
       Distracted        |       |       |     6 |    15 |    11 ||    32
       Confused          |       |       |       |    25 |    13 ||    38
  Eat: Chunk             |     2 |     5 |    14 |    21 |    22 ||    64
       Ration            |       |     1 |       |     1 |       ||     2
Armor: Leather armour    |    24 |    21 |    22 |       |       ||    67
       Troll leather arm |       |       |     5 |    70 |    15 ||    90
       Scale mail        |       |       |       |       |    40 ||    40
Dodge: Dodged            |    65 |   116 |   168 |   481 |   369 ||  1199
Block: Other             |       |       |       |       |     6 ||     6
